COLORADO Avalanche vs LOS ANGELES Kings

Created - 25 février 2024 at 14:45

Goals
1 2 3 T
COLORADO Avalanche 3 0 1 4
LOS ANGELES Kings 2 0 0 2
Shots
1 2 3 T
COLORADO Avalanche 9 5 7 21
LOS ANGELES Kings 13 9 11 33

1st period

1. COLORADO Avalanche , Mark Pysyk 3 (Craig Smith 10, Jake DeBrusk 13) at 0:49
2. LOS ANGELES Kings , Dawson Mercer 11 (Rasmus Andersson 10, Hampus Lindholm 14) at 2:49
3. COLORADO Avalanche , Kris Russell 4 (Jordan Eberle 14, Jake DeBrusk 14) at 6:29 (PP)
4. LOS ANGELES Kings , Anze Kopitar 6 (Jonathan Huberdeau 11, Marcus Pettersson 8) at 6:50
5. COLORADO Avalanche , Trevor Zegras 5 (Oliver Ekman-Larsson 12) at 13:59

Penalties :
Rasmus Andersson (LAK) for Slashing (Double Minor) at 4:21

2nd period

No Goal

Penalties :
Zach Bogosian (COL) for Tripping (Minor) at 2:45, Marc Staal (LAK) for High sticking (Minor) at 5:27, Oskar Sundqvist (LAK) for Holding (Minor) at 9:59, Trevor Zegras (COL) for Cross-checking (Minor) at 13:06

3rd period

6. COLORADO Avalanche , Jake DeBrusk 8 (Jordan Eberle 15, Tomas Nosek 3) at 19:56 (Empty Net)

Penalties :
Zach Bogosian (COL) for Tripping (Minor) at 4:46, Marc Staal (LAK) for Holding (Minor) at 12:39

Goalie Stats

Jonathan Quick (COL), 31 saves from 33 shots - (0,939), W, 13-8-2, 60:00 minutes
Vitek Vanecek (LAK), 17 saves from 20 shots - (0,850), L, 9-11-1, 59:01 minutes

Players Stats for COLORADO Avalanche

Player Name              G  A  P  +/- PIM S  H  SB GA TA FO     MP     PP MP  PK MP  
------------------------------------------------------------------------------------
Alex Iafallo             0  0  0  -1  0   1  0  1  0  0  0/1    12:11   0:00   2:02 
Craig Smith              0  1  1   1  0   0  4  1  0  0  4/14   14:19   0:00   0:00 
David Pastrnak           0  0  0   1  0   1  0  1  0  0  3/9    20:02   4:33   0:34 
Jake DeBrusk             1  2  3   2  0   3  0  0  0  0  1/2    21:00   3:32   2:30 
Jason Zucker             0  0  0  -1  0   0  0  0  0  0  3/6    13:41   3:32   0:00 
Jeff Skinner             0  0  0   1  0   3  3  0  0  0  0/1    22:08   4:33   2:40 
Jordan Eberle            0  2  2   2  0   4  0  0  0  0  4/6    18:30   3:32   0:00 
Jordie Benn              0  0  0  -1  0   0  1  1  0  0  0/0    15:05   0:00   1:05 
Kris Russell             1  0  1  -1  0   2  1  0  0  0  0/0    19:07   3:28   1:45 
Mark Pysyk               1  0  1   1  0   1  0  1  0  0  0/0    21:20   3:28   1:33 
Nick Foligno             0  0  0  -1  0   0  1  0  0  0  0/1    10:51   0:00   0:42 
Oliver Ekman-Larsson     0  1  1   1  0   0  1  3  0  0  0/0    23:21   4:37   3:05 
Tomas Nosek              0  1  1   0  0   0  2  0  0  0  5/12    8:48   0:00   2:13 
Trevor Zegras            1  0  1   1  2   3  5  0  0  0  6/24   20:40   4:33   1:13 
Tyler Johnson            0  0  0  -1  0   2  0  1  0  0  0/0     5:56   0:00   0:00 
Tyson Barrie             0  0  0   1  0   0  4  0  0  0  0/0    23:21   4:37   3:05 
Zach Aston-Reese         0  0  0  -1  0   1  0  1  0  0  0/1     5:56   0:00   0:00 
Zach Bogosian            0  0  0   1  4   0  6  0  0  0  0/0    17:44   0:00   1:21 

Players Stats for LOS ANGELES Kings

Player Name              G  A  P  +/- PIM S  H  SB GA TA FO     MP     PP MP  PK MP  
------------------------------------------------------------------------------------
Anze Kopitar             1  0  1   1  0   2  0  0  0  0  19/22  22:58   3:20   2:18 
Calle Rosen              0  0  0   1  0   1  0  0  0  0  0/0    12:40   0:00   0:00 
Carl Grundstrom          0  0  0  -1  0   0  1  0  0  0  2/2    14:58   0:00   0:00 
Dawson Mercer            1  0  1  -1  0   7  1  0  0  0  18/29  21:38   2:37   5:21 
Dominik Kubalik          0  0  0  -1  0   2  0  0  0  0  0/0    16:17   2:37   0:00 
Drew Doughty             0  0  0  -2  0   0  1  3  0  0  0/0    25:38   3:18   4:09 
Hampus Lindholm          0  1  1   0  0   1  1  3  0  0  0/0    21:47   2:39   4:01 
Joel Kiviranta           0  0  0   0  0   0  0  0  0  0  0/0     0:00   0:00   0:00 
Jonathan Huberdeau       0  1  1   1  0   5  0  0  0  0  1/3    18:56   3:20   0:00 
Marc Staal               0  0  0  -2  4   1  0  0  0  0  0/0    18:12   0:00   0:00 
Marcus Pettersson        0  1  1   1  0   2  0  1  0  0  0/0    19:25   2:39   4:32 
Mark Stone               0  0  0  -1  0   1  0  0  0  0  2/2    16:17   2:37   0:00 
Mitchell Marner          0  0  0   1  0   4  3  0  0  0  1/2    23:10   3:20   2:30 
Oskar Sundqvist          0  0  0  -1  2   1  0  0  0  0  6/15   14:57   0:00   0:00 
Parker Kelly             0  0  0   0  0   0  0  0  0  0  0/0     0:00   0:00   0:00 
Pierre Engvall           0  0  0   0  0   1  1  0  0  0  1/1     7:45   0:00   6:01 
Rasmus Andersson         0  1  1   0  4   4  2  0  0  0  0/0    22:15   3:18   3:28 
Rem Pitlick              0  0  0  -1  0   1  1  0  0  0  1/1    14:58   0:00   0:00 

3 Stars

1 - Jake DeBrusk (COL)
2 - Jordan Eberle (COL)
3 - Trevor Zegras (COL)

Power Play

COLORADO Avalanche - 1 on 5 Attempt(s) - 20,00%
LOS ANGELES Kings - 0 on 3 Attempt(s) - 0,00%

Penalty Kill

COLORADO Avalanche - 3 on 3 Attempt(s) - 100,00% - Score 0 goal in Penalty Kill
LOS ANGELES Kings - 4 on 5 Attempt(s) - 80,00% - Score 0 goal in Penalty Kill

Team Stat

COLORADO Avalanche - Hits : 28 - Faceoff Wins : 26 - Blocked Shots : 10 - Penalty Minutes : 6
LOS ANGELES Kings - Hits : 11 - Faceoff Wins : 51 - Blocked Shots : 7 - Penalty Minutes : 10

Official

Referees : Beaudry Halkidis and Brandon Schrader
Linesman : Kiel Murchison and Bryan Pancich

Game Notes

Jake DeBrusk has scored in a empty net!

Finance

Level 1 -- Attendance: 6001 (85,73%) -- Ticket Income $588,098
Level 2 -- Attendance: 4511 (90,22%) -- Ticket Income $270,660
Level 3 -- Attendance: 1947 (77,88%) -- Ticket Income $68,145
Level 4 -- Attendance: 4159 (83,18%) -- Ticket Income $83,180
Luxury Box -- Attendance: 725 (72,50%) -- Ticket Income $145,000
Game was played at the Staples Center.
Total Attendance: 17343 (84,60%)
Total Ticket Income: $1,155,083
Other Income: $288,771
Total Income: $1,443,854

COLORADO Avalanche

5 vs 5 Forward 
   Center                   Left Wing                Right Wing               Time % Phy DF OF 
 1 Trevor Zegras            David Pastrnak           Jeff Skinner             40     1   2  2  
 2 Craig Smith              Jake DeBrusk             Jordan Eberle            30     1   2  2  
 3 Jason Zucker             Alex Iafallo             Nick Foligno             20     1   2  2  
 4 Tomas Nosek              Zach Aston-Reese         Tyler Johnson            10     1   2  2  

5 vs 5 Defense 
   Defense                  Defense                                           Time % Phy DF OF 
 1 Tyson Barrie             Oliver Ekman-Larsson                              40     1   2  2  
 2 Zach Bogosian            Mark Pysyk                                        30     1   2  2  
 3 Jordie Benn              Kris Russell                                      20     1   2  2  
 4 Tyson Barrie             Oliver Ekman-Larsson                              10     1   2  2  

PowerPlay Forward 
   Center                   Left Wing                Right Wing               Time % Phy DF OF 
 1 David Pastrnak           Trevor Zegras            Jeff Skinner             60     1   2  2  
 2 Jordan Eberle            Jason Zucker             Jake DeBrusk             40     1   2  2  

PowerPlay Defense
   Defense                  Defense                                           Time % Phy DF OF 
 1 Tyson Barrie             Oliver Ekman-Larsson                              60     1   2  2  
 2 Kris Russell             Mark Pysyk                                        40     1   2  2  

Penalty Kill 4 Players Forward 
   Center                   Wing                     Time % Phy DF OF 
 1 Trevor Zegras            Jeff Skinner             60     1   2  2  
 2 David Pastrnak           Jake DeBrusk             40     1   2  2  

Penalty Kill 4 Players Defense
   Defense                  Defense                  Time % Phy DF OF 
 1 Tyson Barrie             Oliver Ekman-Larsson     60     1   2  2  
 2 Kris Russell             Mark Pysyk               40     1   2  2  

Penalty Kill - 3 Players Forward 
   Forward                                           Time % Phy DF OF 
 1 Trevor Zegras                                     60     1   2  2  
 2 Jake DeBrusk                                      40     1   2  2  

Penalty Kill - 3 Players Defense
   Defense                  Defense                  Time % Phy DF OF 
 1 Tyson Barrie             Oliver Ekman-Larsson     60     1   2  2  
 2 Kris Russell             Mark Pysyk               40     1   2  2  

4 vs 4 Forward 
   Center                   Wing                     Time % Phy DF OF 
 1 David Pastrnak           Jordan Eberle            60     1   2  2  
 2 Trevor Zegras            Jake DeBrusk             40     1   2  2  

4 vs 4 Defense
   Defense                  Defense                  Time % Phy DF OF 
 1 Tyson Barrie             Oliver Ekman-Larsson     60     1   2  2  
 2 Zach Bogosian            Mark Pysyk               40     1   2  2  

Last Minutes Offensive
   Center                   Left Wing                Right Wing               Defense                  Defense                  
   Trevor Zegras            David Pastrnak           Jeff Skinner             Tyson Barrie             Oliver Ekman-Larsson     

Last Minutes Defensive
   Center                   Left Wing                Right Wing               Defense                  Defense                  
   Trevor Zegras            David Pastrnak           Jeff Skinner             Tyson Barrie             Oliver Ekman-Larsson     

Goaltenders
Starting : Jonathan Quick           
Backup : Magnus Hellberg          

Extra Forwards
Normal : Jake DeBrusk, Jeff Skinner, Trevor Zegras - PP : Trevor Zegras, Jake DeBrusk - PK : Jake DeBrusk
Extra Defensemen
Normal : Oliver Ekman-Larsson, Kris Russell, Tyson Barrie - PP : Oliver Ekman-Larsson - PK : Kris Russell, Tyson Barrie
Penalty Shots
Jake DeBrusk, Jeff Skinner, Jordan Eberle, Trevor Zegras, Alex Iafallo

Scratches
None

LOS ANGELES Kings

5 vs 5 Forward 
   Center                   Left Wing                Right Wing               Time % Phy DF OF 
 1 Anze Kopitar             Jonathan Huberdeau       Mitchell Marner          41     1   2  2  
 2 Dawson Mercer            Dominik Kubalik          Mark Stone               31     1   2  2  
 3 Oskar Sundqvist          Carl Grundstrom          Rem Pitlick              20     2   2  1  
 4 Anze Kopitar             Pierre Engvall           Mitchell Marner          8      1   2  2  

5 vs 5 Defense 
   Defense                  Defense                                           Time % Phy DF OF 
 1 Drew Doughty             Marc Staal                                        40     1   2  2  
 2 Rasmus Andersson         Hampus Lindholm                                   30     1   2  2  
 3 Marcus Pettersson        Calle Rosen                                       20     1   2  2  
 4 Drew Doughty             Rasmus Andersson                                  10     1   2  2  

PowerPlay Forward 
   Center                   Left Wing                Right Wing               Time % Phy DF OF 
 1 Anze Kopitar             Jonathan Huberdeau       Mitchell Marner          60     1   1  3  
 2 Dawson Mercer            Dominik Kubalik          Mark Stone               40     1   1  3  

PowerPlay Defense
   Defense                  Defense                                           Time % Phy DF OF 
 1 Drew Doughty             Rasmus Andersson                                  60     1   2  2  
 2 Marcus Pettersson        Hampus Lindholm                                   40     1   2  2  

Penalty Kill 4 Players Forward 
   Center                   Wing                     Time % Phy DF OF 
 1 Dawson Mercer            Pierre Engvall           60     1   3  1  
 2 Anze Kopitar             Mitchell Marner          40     1   3  1  

Penalty Kill 4 Players Defense
   Defense                  Defense                  Time % Phy DF OF 
 1 Marcus Pettersson        Rasmus Andersson         60     1   2  2  
 2 Hampus Lindholm          Drew Doughty             40     1   2  2  

Penalty Kill - 3 Players Forward 
   Forward                                           Time % Phy DF OF 
 1 Dawson Mercer                                     60     1   3  1  
 2 Anze Kopitar                                      40     1   3  1  

Penalty Kill - 3 Players Defense
   Defense                  Defense                  Time % Phy DF OF 
 1 Marcus Pettersson        Rasmus Andersson         60     1   2  2  
 2 Drew Doughty             Hampus Lindholm          40     1   2  2  

4 vs 4 Forward 
   Center                   Wing                     Time % Phy DF OF 
 1 Anze Kopitar             Mitchell Marner          60     1   2  2  
 2 Dawson Mercer            Jonathan Huberdeau       40     1   2  2  

4 vs 4 Defense
   Defense                  Defense                  Time % Phy DF OF 
 1 Drew Doughty             Rasmus Andersson         60     1   2  2  
 2 Marc Staal               Hampus Lindholm          40     1   2  2  

Last Minutes Offensive
   Center                   Left Wing                Right Wing               Defense                  Defense                  
   Anze Kopitar             Jonathan Huberdeau       Mitchell Marner          Drew Doughty             Rasmus Andersson         

Last Minutes Defensive
   Center                   Left Wing                Right Wing               Defense                  Defense                  
   Anze Kopitar             Jonathan Huberdeau       Mitchell Marner          Drew Doughty             Rasmus Andersson         

Goaltenders
Starting : Vitek Vanecek            
Backup : Kaapo Kahkonen           

Extra Forwards
Normal : Anze Kopitar, Mitchell Marner, Jonathan Huberdeau - PP : Anze Kopitar, Mitchell Marner - PK : Mitchell Marner
Extra Defensemen
Normal : Marcus Pettersson, Drew Doughty, Rasmus Andersson - PP : Marcus Pettersson - PK : Drew Doughty, Rasmus Andersson
Penalty Shots
Mitchell Marner, Jonathan Huberdeau, Mark Stone, Anze Kopitar, Dawson Mercer

Scratches
None


% Time on Ice - COLORADO Avalanche

Lines # - Real PCT - Wanted PCT - Time Play
Normal Forward
1 - 33% - 40% - 14:55
2 - 32% - 30% - 14:19
3 - 22% - 20% - 10:09
4 - 13% - 10% - 5:56
Normal Defense
1 - 35% - 40% - 15:39
2 - 35% - 30% - 15:46
3 - 31% - 20% - 13:54
4 - 0% - 10% - 0:00
PP Forward
1 - 56% - 60% - 4:33
2 - 44% - 40% - 3:32
PP Defense
1 - 57% - 60% - 4:37
2 - 43% - 40% - 3:28
PK Forward
1 - 84% - 60% - 5:00
2 - 16% - 40% - 0:57
PK Defense
1 - 52% - 60% - 3:05
2 - 48% - 40% - 2:52
PK3 Forward
1 - 0% - 60%
2 - 0% - 40%
PK3 Defense
1 - 0% - 60%
2 - 0% - 40%
44 Forward
1 - 0% - 60%
2 - 0% - 40%
44 Defense
1 - 0% - 60%
2 - 0% - 40%
Last Minute Offensive  - 0:00
Last Minute Defensive  - 0:39
Total
Forward - 60:00
Defense - 60:00

% Time on Ice - LOS ANGELES Kings

Lines # - Real PCT - Wanted PCT - Time Play
Normal Forward
1 - 34% - 41% - 15:36
2 - 30% - 31% - 13:40
3 - 33% - 20% - 14:58
4 - 4% - 8% - 1:44
Normal Defense
1 - 39% - 40% - 17:48
2 - 31% - 30% - 14:24
3 - 28% - 20% - 12:40
4 - 2% - 10% - 1:06
PP Forward
1 - 56% - 60% - 3:20
2 - 44% - 40% - 2:37
PP Defense
1 - 55% - 60% - 3:18
2 - 45% - 40% - 2:39
PK Forward
1 - 74% - 60% - 6:01
2 - 26% - 40% - 2:04
PK Defense
1 - 56% - 60% - 4:32
2 - 44% - 40% - 3:33
PK3 Forward
1 - 0% - 60%
2 - 0% - 40%
PK3 Defense
1 - 0% - 60%
2 - 0% - 40%
44 Forward
1 - 0% - 60%
2 - 0% - 40%
44 Defense
1 - 0% - 60%
2 - 0% - 40%
Last Minute Offensive  - 0:00
Last Minute Defensive  - 0:00
Total
Forward - 60:00
Defense - 60:00

Play-by-Play

1st period


0:01 of 1st period - Anze Kopitar wins face-off versus Trevor Zegras in neutral zone.
0:01 of 1st period - Anze Kopitar is hit by Jeff Skinner.
0:15 of 1st period - Shot by Mitchell Marner.
0:15 of 1st period - Shot Misses the Net.
0:27 of 1st period - Shot by Marc Staal.
0:27 of 1st period - Stopped by Jonathan Quick without a rebound.
0:28 of 1st period - Craig Smith wins face-off versus Dawson Mercer in COLORADO Avalanche zone.
0:39 of 1st period - Shot by Jordan Eberle.
0:39 of 1st period - Shot Misses the Net.
0:47 of 1st period - Shot by Craig Smith.
0:47 of 1st period - Shot Misses the Net.
0:49 of 1st period - Shot by Mark Pysyk.
0:49 of 1st period - Goal by Mark Pysyk - COLORADO Avalanche : 1 - LOS ANGELES Kings : 0.
0:50 of 1st period - Jason Zucker wins face-off versus Oskar Sundqvist in neutral zone.
1:04 of 1st period - Shot by Rem Pitlick.
1:04 of 1st period - Stopped by Jonathan Quick with a rebound.
2:08 of 1st period - Shot by Mitchell Marner.
2:08 of 1st period - Deflect By Jonathan Huberdeau.
2:08 of 1st period - Shot Misses the Net.
2:49 of 1st period - Shot by Dawson Mercer.
2:49 of 1st period - Goal by Dawson Mercer - COLORADO Avalanche : 1 - LOS ANGELES Kings : 1.
2:50 of 1st period - Trevor Zegras wins face-off versus Oskar Sundqvist in neutral zone.
3:02 of 1st period - Icing by Rem Pitlick.
3:03 of 1st period - Craig Smith wins face-off versus Oskar Sundqvist in LOS ANGELES Kings zone.
3:14 of 1st period - Shot by Oskar Sundqvist.
3:14 of 1st period - Stopped by Jonathan Quick with a rebound.
3:53 of 1st period - Icing by Zach Bogosian.
3:54 of 1st period - Dawson Mercer wins face-off versus Craig Smith in COLORADO Avalanche zone.
4:21 of 1st period - Double Minor Penalty to Rasmus Andersson for Slashing.
4:22 of 1st period - Dawson Mercer wins face-off versus David Pastrnak in LOS ANGELES Kings zone.
4:33 of 1st period - Shot by David Pastrnak.
4:33 of 1st period - Shot Misses the Net.
4:48 of 1st period - Drew Doughty is hit by Trevor Zegras and loses puck.
4:55 of 1st period - Shot by Trevor Zegras.
4:55 of 1st period - Shot Misses the Net.
4:57 of 1st period - Shot by Trevor Zegras.
4:57 of 1st period - Stopped by Vitek Vanecek without a rebound.
4:58 of 1st period - Anze Kopitar wins face-off versus Jordan Eberle in LOS ANGELES Kings zone.
5:23 of 1st period - Shot by Jake DeBrusk.
5:23 of 1st period - Stopped by Vitek Vanecek without a rebound.
5:24 of 1st period - Anze Kopitar wins face-off versus David Pastrnak in LOS ANGELES Kings zone.
5:35 of 1st period - Shot by Jeff Skinner.
5:35 of 1st period - Stopped by Vitek Vanecek with a rebound.
5:37 of 1st period - Shot by Jeff Skinner.
5:37 of 1st period - Stopped by Vitek Vanecek without a rebound.
5:38 of 1st period - Dawson Mercer wins face-off versus David Pastrnak in LOS ANGELES Kings zone.
5:49 of 1st period - Shot by Jeff Skinner.
5:49 of 1st period - Shot Misses the Net.
6:23 of 1st period - Shot by Kris Russell.
6:23 of 1st period - Shot Blocked by Hampus Lindholm.
6:25 of 1st period - Shot by Jake DeBrusk.
6:25 of 1st period - Shot Blocked by Hampus Lindholm.
6:27 of 1st period - Shot by Jordan Eberle.
6:27 of 1st period - Shot Blocked by Drew Doughty.
6:29 of 1st period - Shot by Kris Russell.
6:29 of 1st period - Goal by Kris Russell - COLORADO Avalanche : 2 - LOS ANGELES Kings : 1.
6:30 of 1st period - Tomas Nosek wins face-off versus Anze Kopitar in neutral zone.
6:44 of 1st period - Shot by Anze Kopitar.
6:44 of 1st period - Shot Blocked by Tyler Johnson.
6:46 of 1st period - Shot by Marcus Pettersson.
6:46 of 1st period - Shot Blocked by Zach Aston-Reese.
6:48 of 1st period - Shot by Jonathan Huberdeau.
6:48 of 1st period - Shot Blocked by Mark Pysyk.
6:50 of 1st period - Shot by Anze Kopitar.
6:50 of 1st period - Goal by Anze Kopitar - COLORADO Avalanche : 2 - LOS ANGELES Kings : 2.
6:51 of 1st period - Carl Grundstrom wins face-off versus Craig Smith in neutral zone.
7:43 of 1st period - Jonathan Huberdeau is hit by Jordie Benn and loses puck.
8:05 of 1st period - Mitchell Marner is hit by Kris Russell.
8:15 of 1st period - Shot by Jonathan Huberdeau.
8:15 of 1st period - Stopped by Jonathan Quick without a rebound.
8:16 of 1st period - Dawson Mercer wins face-off versus Trevor Zegras in COLORADO Avalanche zone.
8:21 of 1st period - Shot by Dominik Kubalik.
8:21 of 1st period - Shot Misses the Net.
8:29 of 1st period - Shot by Dawson Mercer.
8:29 of 1st period - Stopped by Jonathan Quick without a rebound.
8:30 of 1st period - Tomas Nosek wins face-off versus Oskar Sundqvist in COLORADO Avalanche zone.
9:05 of 1st period - Shot by Zach Aston-Reese.
9:05 of 1st period - Stopped by Vitek Vanecek without a rebound.
9:06 of 1st period - Anze Kopitar wins face-off versus Trevor Zegras in LOS ANGELES Kings zone.
9:06 of 1st period - Anze Kopitar is hit by Jeff Skinner.
9:25 of 1st period - Anze Kopitar is hit by Tyson Barrie and loses puck.
9:40 of 1st period - Shot by Jeff Skinner.
9:40 of 1st period - Shot Misses the Net.
9:42 of 1st period - Shot by Tyson Barrie.
9:42 of 1st period - Shot Misses the Net.
10:34 of 1st period - Shot by Alex Iafallo.
10:34 of 1st period - Deflect By Jason Zucker.
10:34 of 1st period - Shot Misses the Net.
10:45 of 1st period - Off-side.
10:46 of 1st period - Dawson Mercer wins face-off versus Craig Smith in neutral zone.
10:52 of 1st period - Marc Staal is hit by Craig Smith and loses puck.
11:12 of 1st period - Off-side.
11:13 of 1st period - Trevor Zegras wins face-off versus Oskar Sundqvist in neutral zone.
11:17 of 1st period - Icing by Marcus Pettersson.
11:18 of 1st period - Oskar Sundqvist wins face-off versus Trevor Zegras in LOS ANGELES Kings zone.
11:31 of 1st period - Calle Rosen is hit by Trevor Zegras and loses puck.
12:13 of 1st period - Off-side.
12:14 of 1st period - Craig Smith wins face-off versus Dawson Mercer in neutral zone.
12:45 of 1st period - Shot by Dominik Kubalik.
12:45 of 1st period - Stopped by Jonathan Quick without a rebound.
12:46 of 1st period - Mitchell Marner wins face-off versus Tomas Nosek in COLORADO Avalanche zone.
12:49 of 1st period - Shot by Jonathan Huberdeau.
12:49 of 1st period - Shot Misses the Net.
13:33 of 1st period - Icing by Tomas Nosek.
13:34 of 1st period - Dawson Mercer wins face-off versus Tomas Nosek in COLORADO Avalanche zone.
13:45 of 1st period - Shot by Dominik Kubalik.
13:45 of 1st period - Stopped by Jonathan Quick without a rebound.
13:46 of 1st period - Oskar Sundqvist wins face-off versus Trevor Zegras in COLORADO Avalanche zone.
13:49 of 1st period - Shot by Drew Doughty.
13:49 of 1st period - Shot Misses the Net.
13:59 of 1st period - Shot by Trevor Zegras.
13:59 of 1st period - Goal by Trevor Zegras - COLORADO Avalanche : 3 - LOS ANGELES Kings : 2.
14:00 of 1st period - Dawson Mercer wins face-off versus Craig Smith in neutral zone.
14:23 of 1st period - Shot by Dawson Mercer.
14:23 of 1st period - Shot Misses the Net.
14:29 of 1st period - Shot by Jake DeBrusk.
14:29 of 1st period - Stopped by Vitek Vanecek without a rebound.
14:30 of 1st period - Anze Kopitar wins face-off versus Trevor Zegras in LOS ANGELES Kings zone.
14:48 of 1st period - Icing by Jeff Skinner.
14:49 of 1st period - Dawson Mercer wins face-off versus Trevor Zegras in COLORADO Avalanche zone.
15:00 of 1st period - Shot by Dawson Mercer.
15:00 of 1st period - Deflect By Mark Stone.
15:00 of 1st period - Stopped by Jonathan Quick without a rebound.
15:01 of 1st period - Anze Kopitar wins face-off versus Jason Zucker in COLORADO Avalanche zone.
15:12 of 1st period - Shot by Alex Iafallo.
15:12 of 1st period - Shot Blocked by Drew Doughty.
16:23 of 1st period - Icing by Mark Stone.
16:24 of 1st period - Dawson Mercer wins face-off versus Trevor Zegras in LOS ANGELES Kings zone.
16:34 of 1st period - Shot by Dawson Mercer.
16:34 of 1st period - Stopped by Jonathan Quick with a rebound.
16:36 of 1st period - Shot by Hampus Lindholm.
16:36 of 1st period - Shot Blocked by Oliver Ekman-Larsson.
16:38 of 1st period - Shot by Rasmus Andersson.
16:38 of 1st period - Shot Misses the Net.
17:14 of 1st period - Shot by Oskar Sundqvist.
17:14 of 1st period - Deflect By Rem Pitlick.
17:14 of 1st period - Shot Misses the Net.
17:16 of 1st period - Shot by Calle Rosen.
17:16 of 1st period - Stopped by Jonathan Quick with a rebound.
17:18 of 1st period - Shot by Oskar Sundqvist.
17:18 of 1st period - Shot Misses the Net.
17:24 of 1st period - Shot by Marcus Pettersson.
17:24 of 1st period - Shot Misses the Net.
17:26 of 1st period - Shot by Marcus Pettersson.
17:26 of 1st period - Shot Misses the Net.
17:33 of 1st period - Rem Pitlick is hit by Oliver Ekman-Larsson and loses puck.
17:53 of 1st period - Off-side.
17:54 of 1st period - Anze Kopitar wins face-off versus Craig Smith in neutral zone.
18:43 of 1st period - Icing by Jordan Eberle.
18:44 of 1st period - Dawson Mercer wins face-off versus Craig Smith in COLORADO Avalanche zone.
19:13 of 1st period - Shot by Dawson Mercer.
19:13 of 1st period - Shot Blocked by Craig Smith.
19:15 of 1st period - Shot by Rasmus Andersson.
19:15 of 1st period - Stopped by Jonathan Quick without a rebound.
19:16 of 1st period - Oskar Sundqvist wins face-off versus Tomas Nosek in COLORADO Avalanche zone.
19:28 of 1st period - Rem Pitlick is hit by Zach Bogosian and loses puck.
Goals for this period are 3 for COLORADO Avalanche vs 2 for LOS ANGELES Kings.
Shots for this period are 9 for COLORADO Avalanche vs 13 for LOS ANGELES Kings.

2nd period


0:01 of 2nd period - Anze Kopitar wins face-off versus Trevor Zegras in neutral zone.
0:34 of 2nd period - Shot by Mitchell Marner.
0:34 of 2nd period - Stopped by Jonathan Quick without a rebound.
0:35 of 2nd period - Mark Stone wins face-off versus Craig Smith in COLORADO Avalanche zone.
1:01 of 2nd period - Shot by Jordan Eberle.
1:01 of 2nd period - Shot Misses the Net.
1:03 of 2nd period - Shot by Jordan Eberle.
1:03 of 2nd period - Stopped by Vitek Vanecek without a rebound.
1:04 of 2nd period - Jason Zucker wins face-off versus Jonathan Huberdeau in LOS ANGELES Kings zone.
1:31 of 2nd period - Icing by Jonathan Huberdeau.
1:32 of 2nd period - Trevor Zegras wins face-off versus Anze Kopitar in LOS ANGELES Kings zone.
2:16 of 2nd period - Trevor Zegras is hit by Hampus Lindholm.
2:24 of 2nd period - Shot by Dawson Mercer.
2:24 of 2nd period - Shot Blocked by David Pastrnak.
2:39 of 2nd period - Dominik Kubalik is hit by Zach Bogosian and loses puck.
2:45 of 2nd period - Minor Penalty to Zach Bogosian for Tripping.
2:46 of 2nd period - Anze Kopitar wins face-off versus Jake DeBrusk in COLORADO Avalanche zone.
3:15 of 2nd period - Shot by Mitchell Marner.
3:15 of 2nd period - Stopped by Jonathan Quick without a rebound.
3:16 of 2nd period - Trevor Zegras wins face-off versus Dawson Mercer in COLORADO Avalanche zone.
3:25 of 2nd period - Drew Doughty is hit by Trevor Zegras and loses puck.
3:56 of 2nd period - Shot by Rasmus Andersson.
3:56 of 2nd period - Stopped by Jonathan Quick without a rebound.
3:57 of 2nd period - Jonathan Huberdeau wins face-off versus David Pastrnak in COLORADO Avalanche zone.
4:09 of 2nd period - Off-side.
4:10 of 2nd period - Anze Kopitar wins face-off versus Trevor Zegras in neutral zone.
4:15 of 2nd period - Shot by Jonathan Huberdeau.
4:15 of 2nd period - Stopped by Jonathan Quick without a rebound.
4:16 of 2nd period - Dawson Mercer wins face-off versus Trevor Zegras in COLORADO Avalanche zone.
4:31 of 2nd period - Shot by Marcus Pettersson.
4:31 of 2nd period - Stopped by Jonathan Quick without a rebound.
4:32 of 2nd period - Trevor Zegras wins face-off versus Anze Kopitar in COLORADO Avalanche zone.
5:01 of 2nd period - Icing by Kris Russell.
5:02 of 2nd period - Craig Smith wins face-off versus Mitchell Marner in COLORADO Avalanche zone.
5:02 of 2nd period - Craig Smith is hit by Mitchell Marner.
5:05 of 2nd period - Jordan Eberle is hit by Mitchell Marner and loses puck.
5:27 of 2nd period - Minor Penalty to Marc Staal for High sticking.
5:28 of 2nd period - David Pastrnak wins face-off versus Dawson Mercer in LOS ANGELES Kings zone.
5:40 of 2nd period - Icing by Tyson Barrie.
5:41 of 2nd period - Dawson Mercer wins face-off versus David Pastrnak in COLORADO Avalanche zone.
5:51 of 2nd period - Icing by Oliver Ekman-Larsson.
5:52 of 2nd period - David Pastrnak wins face-off versus Dawson Mercer in COLORADO Avalanche zone.
6:26 of 2nd period - Jeff Skinner is hit by Rasmus Andersson and loses puck.
6:29 of 2nd period - Shot by Tyson Barrie.
6:29 of 2nd period - Shot Misses the Net.
7:17 of 2nd period - Shot by Jordan Eberle.
7:17 of 2nd period - Stopped by Vitek Vanecek without a rebound.
7:18 of 2nd period - Jordan Eberle wins face-off versus Dawson Mercer in LOS ANGELES Kings zone.
7:33 of 2nd period - Tyler Johnson is hit by Carl Grundstrom and loses puck.
7:59 of 2nd period - Icing by Mark Pysyk.
8:00 of 2nd period - Anze Kopitar wins face-off versus Tomas Nosek in COLORADO Avalanche zone.
8:09 of 2nd period - Shot by Jonathan Huberdeau.
8:09 of 2nd period - Stopped by Jonathan Quick without a rebound.
8:10 of 2nd period - Anze Kopitar wins face-off versus Craig Smith in COLORADO Avalanche zone.
9:23 of 2nd period - Mark Stone is hit by Trevor Zegras and loses puck.
9:59 of 2nd period - Minor Penalty to Oskar Sundqvist for Holding.
10:00 of 2nd period - Dawson Mercer wins face-off versus Jordan Eberle in LOS ANGELES Kings zone.
11:19 of 2nd period - Shot by Pierre Engvall.
11:19 of 2nd period - Stopped by Jonathan Quick without a rebound.
11:20 of 2nd period - David Pastrnak wins face-off versus Dawson Mercer in COLORADO Avalanche zone.
11:46 of 2nd period - Shot by Trevor Zegras.
11:46 of 2nd period - Stopped by Vitek Vanecek with a rebound.
12:02 of 2nd period - Shot by Trevor Zegras.
12:02 of 2nd period - Shot Blocked by Marcus Pettersson.
12:04 of 2nd period - Shot by Tyler Johnson.
12:04 of 2nd period - Stopped by Vitek Vanecek without a rebound.
12:05 of 2nd period - Tomas Nosek wins face-off versus Oskar Sundqvist in LOS ANGELES Kings zone.
12:38 of 2nd period - Oliver Ekman-Larsson is hit by Rem Pitlick and loses puck.
12:48 of 2nd period - Marcus Pettersson is hit by Tyson Barrie and loses puck.
13:06 of 2nd period - Minor Penalty to Trevor Zegras for Cross-checking.
13:07 of 2nd period - Anze Kopitar wins face-off versus Tomas Nosek in COLORADO Avalanche zone.
13:07 of 2nd period - Anze Kopitar is hit by Zach Bogosian.
13:22 of 2nd period - Jonathan Huberdeau is hit by Zach Bogosian and loses puck.
13:42 of 2nd period - Mitchell Marner is hit by Nick Foligno and loses puck.
14:49 of 2nd period - Shot by Drew Doughty.
14:49 of 2nd period - Shot Misses the Net.
14:55 of 2nd period - Shot by Rasmus Andersson.
14:55 of 2nd period - Stopped by Jonathan Quick with a rebound.
15:32 of 2nd period - Shot by Rem Pitlick.
15:32 of 2nd period - Shot Blocked by Jordie Benn.
15:44 of 2nd period - Shot by Carl Grundstrom.
15:44 of 2nd period - Deflect By Oskar Sundqvist.
15:44 of 2nd period - Shot Misses the Net.
16:14 of 2nd period - Shot by Alex Iafallo.
16:14 of 2nd period - Stopped by Vitek Vanecek without a rebound.
16:15 of 2nd period - Anze Kopitar wins face-off versus Alex Iafallo in LOS ANGELES Kings zone.
17:06 of 2nd period - Shot by Dawson Mercer.
17:06 of 2nd period - Stopped by Jonathan Quick with a rebound.
18:19 of 2nd period - Rasmus Andersson is hit by Trevor Zegras and loses puck.
19:02 of 2nd period - Shot by Jake DeBrusk.
19:02 of 2nd period - Shot Blocked by Drew Doughty.
Goals for this period are 0 for COLORADO Avalanche vs 0 for LOS ANGELES Kings.
Shots for this period are 5 for COLORADO Avalanche vs 9 for LOS ANGELES Kings.

3rd period


0:01 of 3rd period - Anze Kopitar wins face-off versus Trevor Zegras in neutral zone.
0:08 of 3rd period - Shot by Mitchell Marner.
0:08 of 3rd period - Stopped by Jonathan Quick without a rebound.
0:09 of 3rd period - Anze Kopitar wins face-off versus Trevor Zegras in COLORADO Avalanche zone.
0:12 of 3rd period - Shot by Jonathan Huberdeau.
0:12 of 3rd period - Stopped by Jonathan Quick with a rebound.
0:45 of 3rd period - Anze Kopitar is hit by Tyson Barrie and loses puck.
2:03 of 3rd period - Shot by Kris Russell.
2:03 of 3rd period - Stopped by Vitek Vanecek without a rebound.
2:04 of 3rd period - Oskar Sundqvist wins face-off versus Zach Aston-Reese in LOS ANGELES Kings zone.
2:09 of 3rd period - Shot by Marcus Pettersson.
2:09 of 3rd period - Stopped by Jonathan Quick without a rebound.
2:10 of 3rd period - Jason Zucker wins face-off versus Oskar Sundqvist in COLORADO Avalanche zone.
2:35 of 3rd period - Shot by Oskar Sundqvist.
2:35 of 3rd period - Shot Blocked by Oliver Ekman-Larsson.
3:50 of 3rd period - Mitchell Marner is hit by Zach Bogosian and loses puck.
4:16 of 3rd period - Icing by Mark Pysyk.
4:17 of 3rd period - Dawson Mercer wins face-off versus Trevor Zegras in COLORADO Avalanche zone.
4:34 of 3rd period - Shot by Dawson Mercer.
4:34 of 3rd period - Stopped by Jonathan Quick with a rebound.
4:37 of 3rd period - Icing by Zach Bogosian.
4:38 of 3rd period - Oskar Sundqvist wins face-off versus Trevor Zegras in COLORADO Avalanche zone.
4:46 of 3rd period - Minor Penalty to Zach Bogosian for Tripping.
4:47 of 3rd period - Anze Kopitar wins face-off versus Tomas Nosek in COLORADO Avalanche zone.
5:23 of 3rd period - Shot by Rasmus Andersson.
5:23 of 3rd period - Stopped by Jonathan Quick without a rebound.
5:24 of 3rd period - Jake DeBrusk wins face-off versus Dawson Mercer in COLORADO Avalanche zone.
5:45 of 3rd period - Icing by Marcus Pettersson.
5:46 of 3rd period - Dawson Mercer wins face-off versus Trevor Zegras in LOS ANGELES Kings zone.
6:15 of 3rd period - Shot by Hampus Lindholm.
6:15 of 3rd period - Shot Misses the Net.
6:17 of 3rd period - Shot by Dawson Mercer.
6:17 of 3rd period - Shot Misses the Net.
7:06 of 3rd period - Icing by Rem Pitlick.
7:07 of 3rd period - Carl Grundstrom wins face-off versus Craig Smith in LOS ANGELES Kings zone.
7:07 of 3rd period - Carl Grundstrom is hit by Craig Smith.
7:13 of 3rd period - Shot by Oskar Sundqvist.
7:13 of 3rd period - Shot Blocked by Oliver Ekman-Larsson.
9:06 of 3rd period - Shot by David Pastrnak.
9:06 of 3rd period - Stopped by Vitek Vanecek without a rebound.
9:07 of 3rd period - Dawson Mercer wins face-off versus Craig Smith in LOS ANGELES Kings zone.
9:30 of 3rd period - Shot by Jordan Eberle.
9:30 of 3rd period - Stopped by Vitek Vanecek without a rebound.
9:31 of 3rd period - Mark Stone wins face-off versus Trevor Zegras in LOS ANGELES Kings zone.
11:20 of 3rd period - Shot by Jonathan Huberdeau.
11:20 of 3rd period - Stopped by Jonathan Quick with a rebound.
11:38 of 3rd period - Shot by Mitchell Marner.
11:38 of 3rd period - Stopped by Jonathan Quick without a rebound.
11:39 of 3rd period - Dawson Mercer wins face-off versus Jason Zucker in COLORADO Avalanche zone.
12:08 of 3rd period - Shot by Dawson Mercer.
12:08 of 3rd period - Stopped by Jonathan Quick without a rebound.
12:09 of 3rd period - Anze Kopitar wins face-off versus Trevor Zegras in COLORADO Avalanche zone.
12:22 of 3rd period - Shot by Anze Kopitar.
12:22 of 3rd period - Shot Misses the Net.
12:24 of 3rd period - Shot by Anze Kopitar.
12:24 of 3rd period - Stopped by Jonathan Quick without a rebound.
12:25 of 3rd period - Oskar Sundqvist wins face-off versus Tomas Nosek in COLORADO Avalanche zone.
12:38 of 3rd period - Shot by Tomas Nosek.
12:38 of 3rd period - Shot Misses the Net.
12:39 of 3rd period - Minor Penalty to Marc Staal for Holding.
12:40 of 3rd period - Dawson Mercer wins face-off versus Jeff Skinner in LOS ANGELES Kings zone.
13:01 of 3rd period - Shot by Tyson Barrie.
13:01 of 3rd period - Shot Misses the Net.
13:03 of 3rd period - Shot by David Pastrnak.
13:03 of 3rd period - Deflect By Jeff Skinner.
13:03 of 3rd period - Stopped by Vitek Vanecek without a rebound.
13:04 of 3rd period - Jordan Eberle wins face-off versus Dawson Mercer in LOS ANGELES Kings zone.
13:04 of 3rd period - Jason Zucker is hit by Drew Doughty.
13:06 of 3rd period - Shot by Jordan Eberle.
13:06 of 3rd period - Stopped by Vitek Vanecek without a rebound.
13:07 of 3rd period - Jordan Eberle wins face-off versus Dawson Mercer in LOS ANGELES Kings zone.
13:44 of 3rd period - Mark Pysyk is hit by Pierre Engvall.
14:06 of 3rd period - Shot by Jeff Skinner.
14:06 of 3rd period - Shot Misses the Net.
14:19 of 3rd period - Tyson Barrie is hit by Mitchell Marner and loses puck.
14:32 of 3rd period - Shot by Hampus Lindholm.
14:32 of 3rd period - Stopped by Jonathan Quick without a rebound.
14:33 of 3rd period - Jordan Eberle wins face-off versus Dawson Mercer in COLORADO Avalanche zone.
14:37 of 3rd period - Off-side.
14:38 of 3rd period - Pierre Engvall wins face-off versus David Pastrnak in neutral zone.
14:40 of 3rd period - Rasmus Andersson is hit by Tomas Nosek and loses puck.
14:46 of 3rd period - Icing by Drew Doughty.
14:47 of 3rd period - Tomas Nosek wins face-off versus Oskar Sundqvist in LOS ANGELES Kings zone.
15:08 of 3rd period - Shot by Tomas Nosek.
15:08 of 3rd period - Deflect By Tyler Johnson.
15:08 of 3rd period - Stopped by Vitek Vanecek without a rebound.
15:09 of 3rd period - Trevor Zegras wins face-off versus Jonathan Huberdeau in LOS ANGELES Kings zone.
15:10 of 3rd period - Shot by Jeff Skinner.
15:10 of 3rd period - Deflect By Trevor Zegras.
15:10 of 3rd period - Shot Blocked by Hampus Lindholm.
15:15 of 3rd period - Trevor Zegras is hit by Rasmus Andersson and loses puck.
15:33 of 3rd period - Mitchell Marner is hit by Jeff Skinner.
15:46 of 3rd period - Rasmus Andersson is hit by Tyson Barrie and loses puck.
16:17 of 3rd period - Mark Pysyk is hit by Dawson Mercer.
16:27 of 3rd period - Drew Doughty is hit by Craig Smith and loses puck.
16:38 of 3rd period - Dawson Mercer is hit by Craig Smith.
16:43 of 3rd period - Dawson Mercer is hit by Zach Bogosian and loses puck.
16:46 of 3rd period - Shot by Dawson Mercer.
16:46 of 3rd period - Shot Misses the Net.
16:50 of 3rd period - Shot by Dawson Mercer.
16:50 of 3rd period - Stopped by Jonathan Quick without a rebound.
16:51 of 3rd period - Rem Pitlick wins face-off versus Nick Foligno in COLORADO Avalanche zone.
17:02 of 3rd period - Shot by Calle Rosen.
17:02 of 3rd period - Shot Blocked by Alex Iafallo.
17:53 of 3rd period - Icing by Kris Russell.
17:54 of 3rd period - Anze Kopitar wins face-off versus Jason Zucker in COLORADO Avalanche zone.
18:57 of 3rd period - LOS ANGELES Kings, Vitek Vanecek is pulled from the net.
19:29 of 3rd period - Dominik Kubalik is hit by Tomas Nosek and loses puck.
19:56 of 3rd period - Shot by Jordan Eberle.
19:56 of 3rd period - Deflect By Jake DeBrusk.
19:56 of 3rd period - Goal by Jake DeBrusk - COLORADO Avalanche : 4 - LOS ANGELES Kings : 2.
19:56 of 3rd period - Vitek Vanecek from LOS ANGELES Kings was sent back in the game.
19:57 of 3rd period - Tomas Nosek wins face-off versus Oskar Sundqvist in neutral zone.
Goals for this period are 1 for COLORADO Avalanche vs 0 for LOS ANGELES Kings.
Shots for this period are 7 for COLORADO Avalanche vs 11 for LOS ANGELES Kings. Output by the SimonT Hockey Simulator (STHS) for Martin Benoit - Original Page W3C HTML5 Valid
Hockey Simulator - Hockey Simulation - Hockey Manager